 Dungeon Crawl Stone Soup version 0.29.0-4-gdea44cf6ec (webtiles) character file.

Game seed: 4039583627417238133

53 qw the Ruffian (level 3, -4/28 HPs)
             Began as a Ghoul Fire Elementalist on Aug 29, 2022.
             Slain by an orc
             ... wielding a +0 falchion
              (7 damage)
             ... on level 2 of the Dungeon.
             The game lasted 00:01:29 (1663 turns).

qw the Ruffian (Ghoul Fire Elementalist)            Turns: 1663, Time: 00:01:29

Health: -4/28      AC:  3    Str: 13    XL:     3   Next: 87%
Magic:  4/4        EV: 11    Int: 10    God:
Gold:   206        SH:  0    Dex:  9    Spells: 4/5 levels left

rFire   . . .      SeeInvis .     - Unarmed
rCold   + . .      Faith    .   (no shield)
rNeg    + + +      Spirit   .   c - +0 leather armour
rPois   inf        Reflect  .   (no helmet)
rElec   .          Harm     .   (no cloak)
rCorr   .          Rampage  .   (no gloves)
Will    .....                   (no boots)
Stlth   +.........              f - amulet of regeneration
HPRegen 0.00/turn               (no ring)
MPRegen 0.09/turn               (no ring)

@: about to teleport, inhibited regen
A: claws 1, cold resistance 1, negative energy resistance 3, inhibited
regeneration, torment resistance 2, devour on kill
a: no special abilities


You were on level 2 of the Dungeon.
You visited 1 branch of the dungeon, and saw 2 of its levels.

You collected 206 gold pieces.


Innate Abilities, Weirdness & Mutations

You are immune to poison.
You have sharp fingernails.
Your flesh is cold resistant. (rC+)
You are immune to negative energy. (rN+++)
You do not regenerate when monsters are visible.
You are immune to unholy pain and torment.
You thrive by killing the living.


   Skills:
 - Level 1.0 Fighting
 - Level 1.7 Dodging
 - Level 2.1 Stealth
 + Level 3.4 Unarmed Combat
 - Level 1.7 Spellcasting
 - Level 0.7 Conjurations
 - Level 2.4 Fire Magic


You had 4 spell levels left.
You knew the following spells:

 Your Spells              Type           Power      Damage    Failure   Level
a - Foxfire               Conj/Fire      16%        2x1d4     22%         1

Your spell library contained the following spells:

 Spells                   Type           Power      Damage    Failure   Level
 Scorch                   Fire           10%        2d5       22%         2
 Conjure Flame            Conj/Fire      4%         6-21      54%         3
 Inner Flame              Hex/Fire       3%         N/A       58%         3
 Flame Wave               Conj/Fire      4%         2d5       91%         4

Inventory:

Armour
 c - a +0 leather armour (worn)
Jewellery
 f - an amulet of regeneration (around neck)
Potions
 e - a potion of lignification {unknown}
 h - a potion of haste

Dungeon Overview and Level Annotations

Branches:
Dungeon (2/15)

Altars:


Message History

The orc hits you with a +0 trident.
You claw the orc!
You kill the orc!
You feel better.
You scratch the orc.
The orc is moderately wounded.
The orc closely misses you.
1654 ||| Stepping ~*~*~tactically~*~*~ (outnumbered).
The orc attacks as you move away! The orc hits you with a +0 flail!
Found a scroll labelled UMUEMO TUAWUNG.
The orc throws a boomerang.
The boomerang hits you.
1655 ||| Stepping ~*~*~tactically~*~*~ (outnumbered).
The orc attacks as you move away! The orc hits you with a +0 club.
The orc attacks as you move away! The orc hits you but does no damage.
1656 ||| Stepping ~*~*~tactically~*~*~ (outnumbered).
The orc attacks as you move away! The orc barely misses you.
You scratch the orc but do no damage. Your claw misses the orc.
The orc throws a boomerang.
The boomerang closely misses you.
1658 ||| Stepping ~*~*~tactically~*~*~ (outnumbered).
The orc attacks as you move away! The orc hits you with a +0 club.
1659 ||| Stepping ~*~*~tactically~*~*~ (outnumbered).
The orc attacks as you move away! The orc hits you with a +0 club.
The orc attacks as you move away! The orc closely misses you.
A kobold comes into view. It is wielding a +0 whip.
1660 ||| Stepping ~*~*~tactically~*~*~ (outnumbered).
Found a book of Frost.
The kobold shouts!
1661 ||| Stepping ~*~*~tactically~*~*~ (outnumbered).
The orc attacks as you move away! The orc hits you with a +0 falchion.
The kobold throws a stone.
The stone closely misses you.
1662 ||| Stepping ~*~*~tactically~*~*~ (outnumbered).
The orc attacks as you move away! The orc hits you but does no damage.
The orc attacks as you move away! The orc hits you with a +0 flail.
The kobold throws a stone.
The stone closely misses you.
The stone hits the orc but does no damage.
1663 ||| READING scroll of teleportation.
As you read the scroll of teleportation, it crumbles to dust.
You feel strangely unstable. The orc hits you with a +0 falchion!
You die...

......##)#?...>......
......).........##..
....................
.###.#..#....##..... #
#.................
#.##..(..........####
#.............##.####
###.##oo...............
#.....@o...........%...
.....?...........#......
...#..#K.............##.
## #............##.#.##.
..............##.#^...
#....#.:#...##.##.#.##.
......#.......# #......
##.#..#........ ###.##.
#....


You could see 3 orcs and a kobold.

Vanquished Creatures
  An adder (D:2)
  A dart slug (D:2)
  2 orcs (D:2)
  2 endoplasms
  2 giant cockroaches
  A goblin (D:1)
  3 hobgoblins (D:2)
  7 jackals (D:1)
  5 kobolds
  2 quokkas
  A ball python (D:2)
  3 bats (D:1)
  2 frilled lizards (D:1)
  4 rats
36 creatures vanquished.

Vanquished Creatures (others)
  2 fungi (D:1)
  4 toadstools (D:1)
6 creatures vanquished.

Grand Total: 42 creatures vanquished

Notes
Turn   | Place    | Note
-------+----------+-------------------------------------------
     0 | D:1      | qw the Ghoul Fire Elementalist began the quest for the Orb.
     0 | D:1      | Reached XP level 1. HP: 14/14 MP: 2/2
     0 | D:1      | 0 ||| qw: Version: 0.1-a-90-g952f4b7
     0 | D:1      | 0 ||| qw: Game counter: 4183
     0 | D:1      | 0 ||| qw: Always use a shield: true
     0 | D:1      | 0 ||| qw: God list: Okawaru
     0 | D:1      | 0 ||| qw: Allow faded altars: false
     0 | D:1      | 0 ||| qw: Do Orc after D:15 true
     0 | D:1      | 0 ||| qw: Do second Lair branch before Depths: true
     0 | D:1      | 0 ||| qw: Lair rune preference: random
     0 | D:1      | 0 ||| qw: Plans: Normal
     0 | D:1      | 0 ||| PLANNING D:1-11
    96 | D:1      | Reached skill level 1 in Unarmed Combat
   195 | D:1      | 195 ||| Stepping ~*~*~tactically~*~*~ (stealth).
   196 | D:1      | 196 ||| Stepping ~*~*~tactically~*~*~ (stealth).
   214 | D:1      | 214 ||| Stepping ~*~*~tactically~*~*~ (outnumbered).
   219 | D:1      | Reached skill level 1 in Fighting
   219 | D:1      | Reached XP level 2. HP: 7/23 MP: 3/3
   559 | D:1      | 559 ||| Stepping ~*~*~tactically~*~*~ (water).
   597 | D:1      | 597 ||| Stepping ~*~*~tactically~*~*~ (stealth).
   598 | D:1      | 598 ||| Stepping ~*~*~tactically~*~*~ (stealth).
   601 | D:1      | 601 ||| Stepping ~*~*~tactically~*~*~ (outnumbered).
   604 | D:1      | 604 ||| Stepping ~*~*~tactically~*~*~ (outnumbered).
   605 | D:1      | 605 ||| Stepping ~*~*~tactically~*~*~ (outnumbered).
   606 | D:1      | 606 ||| Stepping ~*~*~tactically~*~*~ (outnumbered).
   612 | D:1      | 612 ||| Stepping ~*~*~tactically~*~*~ (outnumbered).
   613 | D:1      | 613 ||| Stepping ~*~*~tactically~*~*~ (outnumbered).
   623 | D:1      | Reached skill level 2 in Unarmed Combat
   847 | D:1      | 847 ||| Stepping ~*~*~tactically~*~*~ (stealth).
   849 | D:1      | 849 ||| Stepping ~*~*~tactically~*~*~ (stealth).
   863 | D:1      | Reached XP level 3. HP: 22/28 MP: 4/4
   933 | D:1      | 933 ||| Stepping ~*~*~tactically~*~*~ (stealth).
  1370 | D:1      | 1370 ||| UPGRADING to +0 leather armour.
  1380 | D:1      | 1380 ||| DROPPING +0 robe.
  1381 | D:1      | 1381 ||| UPGRADING to amulet of regeneration.
  1386 | D:1      | 1386 ||| READING scroll labelled JOCIUS FIKKET.
  1387 | D:1      | 1387 ||| READING 2 scrolls labelled HYENIS WEOLYR.
  1390 | D:1      | 1390 ||| READING scroll labelled GOALOI PUMUTHUEB.
  1391 | D:1      | 1391 ||| DRINKING 2 white potions.
  1392 | D:1      | 1392 ||| DROPPING potion of magic.
  1523 | D:2      | 1523 ||| Stepping ~*~*~tactically~*~*~ (stealth).
  1541 | D:2      | Reached skill level 3 in Unarmed Combat
  1548 | D:2      | 1548 ||| Stepping ~*~*~tactically~*~*~ (stealth).
  1553 | D:2      | 1553 ||| Stepping ~*~*~tactically~*~*~ (stealth).
  1554 | D:2      | 1554 ||| Stepping ~*~*~tactically~*~*~ (stealth).
  1640 | D:2      | 1640 ||| Stepping ~*~*~tactically~*~*~ (stealth).
  1644 | D:2      | 1644 ||| Stepping ~*~*~tactically~*~*~ (stealth).
  1654 | D:2      | 1654 ||| Stepping ~*~*~tactically~*~*~ (outnumbered).
  1655 | D:2      | 1655 ||| Stepping ~*~*~tactically~*~*~ (outnumbered).
  1656 | D:2      | 1656 ||| Stepping ~*~*~tactically~*~*~ (outnumbered).
  1658 | D:2      | 1658 ||| Stepping ~*~*~tactically~*~*~ (outnumbered).
  1659 | D:2      | 1659 ||| Stepping ~*~*~tactically~*~*~ (outnumbered).
  1660 | D:2      | 1660 ||| Stepping ~*~*~tactically~*~*~ (outnumbered).
  1661 | D:2      | 1661 ||| Stepping ~*~*~tactically~*~*~ (outnumbered).
  1662 | D:2      | 1662 ||| Stepping ~*~*~tactically~*~*~ (outnumbered).
  1662 | D:2      | HP: 3/28 [orc/+0 flail (5)]
  1663 | D:2      | 1663 ||| READING scroll of teleportation.
  1663 | D:2      | Slain by an orc

Levels and vault maps discovered:
D:1:      dpeg_arrival_more_subterranean_lakeside_camping, layout_basic,
          serial_rivers, chequers_serial_rivers_large_b,
          chequers_serial_rivers_small_3, chequers_serial_rivers_room_b,
          chequers_serial_rivers_large_a, minmay_gold_behind_fungi
D:2:      layout_basic, grunt_ministairs_10, hex_tiny

Skill      XL: |  1  2  3 |
---------------+----------+-----
Unarmed Combat | 1 2 3 |  3.4
Fighting       | 1 |  1.0
Dodging        | |  1.7
Stealth        | |  2.1
Spellcasting   | |  1.7
Conjurations   | |  0.7
Fire Magic     | |  2.4

Action                   || total
-------------------------++-------
Melee: Unarmed           ||   156
  Use: Scroll            ||     4
       Potion            ||     1
Armor: Robe              ||    21
       Leather armour    ||    17
Dodge: Dodged            ||   116

Table legend:
 A = Non-vault XP
 B = Vault XP
 C = Vault XP percentage of total XP
 D = Non-vault monster count
 E = Vault monster count
 F = Vault count percentage of total count
                 A         B        C        D         E       F
            +---------+---------+-------+---------+---------+-------
      Total |      70 |       6 |   7.9 |      34 |       2 |   5.6
            +---------+---------+-------+---------+---------+-------
        D:1 |      37 |       0 |   0.0 |      23 |       0 |   0.0
        D:2 |      33 |       6 |  15.4 |      11 |       2 |  15.4
            +---------+---------+-------+---------+---------+-------
